 Dungeon Crawl Stone Soup version 0.27-a0-74-gebd156f8b4 (webtiles) character file.

Game seed: 14953502001679970151

17374 Essalna the Thaumaturge (level 12, -13/69 HPs)
             Began as a Deep Elf Earth Elementalist on Jan 11, 2021.
             Was a High Priest of Vehumet.
             Mangled by a death yak (24 damage)
             ... in an ice cave.
             The game lasted 00:41:00 (14155 turns).

Essalna the Thaumaturge (DEEE)                     Turns: 14155, Time: 00:41:00

Health: -13/69     AC:  6    Str:  5    XL:     12   Next: 18%
Magic:  17/38      EV: 18    Int: 26    God:    Vehumet [*****.]
Gold:   607        SH:  5    Dex: 15    Spells: 21/34 levels left

rFire    . . .     SeeInvis .   B - +1 whip (elec)
rCold    + . .     Faith    .   m - +0 buckler
rNeg     . . .     Spirit   .   p - +2 robe {rC+}
rPois    .         Reflect  .   (no helmet)
rElec    .         Harm     .   (no cloak)
rCorr    .         Rampage  .   (no gloves)
Will     +....                  o - +1 pair of boots (curse)
Stlth    ++........             y - amulet of regeneration
HPRegen  0.61/turn              i - ring of magical power
MPRegen  0.26/turn              I - ring of wizardry

@: no status effects
A: no striking features
a: Renounce Religion


You were in an ice cave.
You worshipped Vehumet.
Vehumet was extremely pleased with you.
You visited 3 branches of the dungeon, and saw 12 of its levels.
You also visited: Ice Cave.

You collected 607 gold pieces.

Inventory:

Hand Weapons
 e - a +0 dagger
 k - a +1 spectral club
 z - the +5 hunting sling "Nubik" {venom, rF+}
   (You found it on level 5 of the Dungeon)

   It poisons the ammo it fires.
   It protects you from fire.
 B - a +1 whip of electrocution (weapon)
Missiles
 b - 273 stones
 n - 4 javelins
Armour
 c - a +0 robe
 m - a +0 buckler (worn)
 o - a cursed +1 pair of boots (worn)
 p - a +2 robe of cold resistance (worn)
 A - the +1 ring mail "Turoeph" {Int+4}
   (You found it on level 5 of the Dungeon)

   It affects your intelligence (+4).
 C - a +0 leather armour of fire resistance
 H - a +0 troll leather armour
Jewellery
 i - a ring of magical power (left hand)
 y - an amulet of regeneration (around neck)
 F - an uncursed ring of positive energy
 I - a ring of wizardry (right hand)
Wands
 g - a wand of flame (12)
 D - a wand of iceblast (13)
 K - a wand of paralysis (12)
Scrolls
 h - a scroll of noise
 j - 5 scrolls of teleportation
 l - 5 scrolls of remove curse
 q - 13 scrolls of identify
 s - a scroll of magic mapping
 w - a scroll of fog {unknown}
 x - 2 scrolls of fear {unknown}
 L - a scroll of acquirement {unknown}
Potions
 a - 3 potions of ambrosia {unknown}
 d - 3 potions of might
 f - 2 potions of mutation {unknown}
 r - a potion of attraction {unknown}
 t - 6 potions of curing {unknown}
 u - 2 potions of lignification {unknown}
 v - a potion of haste {unknown}
 E - a potion of cancellation {unknown}
 G - 3 potions of heal wounds {unknown}
 J - 2 potions of brilliance {unknown}


   Skills:
 + Level 5.8 Fighting
 + Level 5.8 Armour
 + Level 8.8 Dodging
 - Level 2.4 Stealth
 - Level 4.0 Shields
 + Level 11.6 Spellcasting
 - Level 8.0 Transmutations
 + Level 10.1 Earth Magic
 + Level 5.6 Evocations


You had 21 spell levels left.
You knew the following spells:

 Your Spells              Type           Power        Failure   Level
a - Sandblast             Erth           100%         1%          1
b - Stone Arrow           Conj/Erth      82%          1%          3
c - Lee's Rapid Deconstr  Erth           30%          1%          5
d - Petrify               Tmut/Erth      58%          1%          4

Your spell library contained the following spells:

 Spells                   Type           Power        Failure   Level
 Conjure Ball Lightning   Conj/Air       7%           47%         6
 Passwall                 Tmut/Erth      48%          1%          2


Dungeon Overview and Level Annotations

Branches:
Dungeon (10/15)            Temple (1/1) D:4            Lair (1/6) D:9
  IceCv (1/1)
    Orc: D:9-12

Altars:
Cheibriados
Dithmenos
Fedhas
Gozag
Hepliaklqana
Kikubaaqudgha
Makhleb
Okawaru
Ru
Sif Muna
Vehumet
Xom
Yredelemnul
Zin

Shops:
D:8 ?

Annotations:
D:8 5 runed translucent doors


Message History

Aiming: Stone Arrow (safe; 1% risk of failure)
Press: ? - help, Q - select action, (/) - cycle Shift-Dir - straight line, f/p - death yak
Aim: a death yak (moderately wounded, 8% to evade)
The stone arrow hits the death yak!
The death yak is heavily wounded.
The death yak gores you!
Aiming: Stone Arrow (safe; 1% risk of failure)
Press: ? - help, Q - select action, (/) - cycle Shift-Dir - straight line, f/p - death yak
Aim: a death yak (heavily wounded, 8% to evade)
The stone arrow hits the death yak.
The death yak is severely wounded.
The death yak gores you!!
* * * LOW HITPOINT WARNING * * *
Aiming: Stone Arrow (safe; 1% risk of failure)
Press: ? - help, Q - select action, (/) - cycle Shift-Dir - straight line, f/p - death yak
Aim: a death yak (severely wounded, 8% to evade)
The stone arrow hits the death yak!
The death yak is severely wounded.
The death yak gores you!!
You die...

#...Y.Y#.##
##. #Y.#.##
#.## ##.##Y#
#..# #####.##
##..##
##..#.##
##....#
#..†#..#
#...†.#
##.##...#
##..#...
#Y.###⌠.#
#..###..
#@###..####.##
##. #..#####
#..# ##
###...## ##..#
## #..#...#
#..## #.
##.#...# #.##
#. ####..##
#..# #.
#...###..# ##
##...###.# ##
##..###.# ###.


You could see a death yak.

Vanquished Creatures
  Erolcha (D:9)
  Harold (D:7)
  2 two-headed ogres
  An ice statue (IceCv)
  A cane toad (Lair:1)
  A rime drake (IceCv)
  A komodo dragon (D:9)
  A hornet (D:9)
  2 trolls
  15 polar bears
  A wyvern (D:9)
  17 yaks
  A water moccasin (Lair:1)
  6 orc warriors
  2 sky beasts
  An ice beast (D:9)
  A necrophage (D:10)
  2 phantoms
  8 centaurs
  23 wolves
  5 ogres
  2 gnoll sergeants
  10 bullfrogs
  A water moccasin zombie (D:7)
  3 scorpions
  2 howler monkeys (D:7)
  4 wights (D:9)
  4 crimson imps (D:5)
  2 jellies
  A quasit (D:8)
  A bullfrog zombie (D:8)
  A centaur zombie (D:7)
  7 hounds
  7 orc priests
  6 orc wizards
  3 bullfrog skeletons
  Jessica (D:3)
  Ijyb (D:3)
  11 worker ants
  Natasha (thrice) (D:2)
  2 iguanas
  A killer bee zombie (D:8)
  3 hound skeletons
  9 gnolls
  10 adders
  2 shadow imps
  3 white imps (D:7)
  4 ufetubi
  An adder zombie (D:9)
  4 worms (D:2)
  3 dart slugs
  4 leopard geckos
  67 orcs
  5 bats
  4 giant cockroaches
  6 goblins
  7 hobgoblins
  9 jackals
  5 kobolds
  6 quokkas
  4 ball pythons
  5 frilled lizards
  A giant cockroach zombie (D:5)
  4 leopard gecko skeletons
  A leopard gecko zombie (D:8)
  8 rats
341 creatures vanquished.

Vanquished Creatures (others)
  13 fungi (D:9)
  9 plants
22 creatures vanquished.

Grand Total: 363 creatures vanquished

Notes
Turn   | Place    | Note
-------+----------+-------------------------------------------
     0 | D:1      | Essalna the Deep Elf Earth Elementalist began the quest for
                  | the Orb.
     0 | D:1      | Reached XP level 1. HP: 10/10 MP: 6/6
   183 | D:1      | Reached XP level 2. HP: 11/15 MP: 5/8
  1454 | D:2      | Found an opulent altar of Gozag.
  1477 | D:2      | Reached XP level 3. HP: 19/19 MP: 10/10
  1491 | D:2      | Found a sacrificial altar of Ru.
  1768 | D:2      | Reached skill level 4 in Spellcasting
  2127 | D:2      | Found a shadowy altar of Dithmenos.
  2128 | D:2      | Found a shimmering blue altar of Sif Muna.
  2134 | D:2      | Reached XP level 4. HP: 24/24 MP: 12/12
  2257 | D:3      | Noticed Natasha
  2271 | D:2      | Killed Natasha
  2272 | D:2      | Reached skill level 1 in Shields
  2507 | D:2      | Noticed Natasha
  2512 | D:2      | Killed Natasha
  2513 | D:2      | Reached XP level 5. HP: 28/28 MP: 13/13
  2626 | D:2      | Noticed Natasha
  2632 | D:2      | Killed Natasha
  2691 | D:3      | Found an ancient bone altar of Kikubaaqudgha.
  2713 | D:3      | Noticed Ijyb
  2722 | D:3      | Killed Ijyb
  2873 | D:3      | Noticed Jessica
  2876 | D:3      | Killed Jessica
  2877 | D:3      | Reached skill level 5 in Spellcasting
  3580 | D:3      | Reached XP level 6. HP: 17/32 MP: 15/15
  3988 | D:4      | Found a burning altar of Makhleb.
  4015 | D:4      | Reached skill level 5 in Earth Magic
  4019 | D:4      | Learned a level 3 spell: Stone Arrow
  4501 | D:4      | Found a staircase to the Ecumenical Temple.
  4509 | Temple   | Entered the Ecumenical Temple
  4609 | Temple   | Became a worshipper of Vehumet
  4666 | D:4      | Reached skill level 6 in Spellcasting
  4666 | D:4      | Reached XP level 7. HP: 36/36 MP: 17/18
  5099 | D:5      | Entered Level 5 of the Dungeon
  5112 | D:5      | You fall into a shaft and drop 1 floor!
  5334 | D:5      | Reached skill level 5 in Transmutations
  5436 | D:5      | Reached * piety under Vehumet
  5436 | D:5      | Offered knowledge of Foxfire by Vehumet.
  5551 | D:5      | Reached XP level 8. HP: 18/41 MP: 19/20
  5822 | D:5      | Found a blossoming altar of Fedhas.
  5825 | D:5      | Reached skill level 7 in Spellcasting
  6123 | D:5      | Got an ichor-stained hunting sling
  6124 | D:5      | Identified the +5 hunting sling "Nubik" {venom, rF+} (You
                  | found it on level 5 of the Dungeon)
  6217 | D:5      | Got a jewelled ring mail
  6228 | D:5      | Identified the +1 ring mail "Turoeph" {Int+4} (You found it
                  | on level 5 of the Dungeon)
  6289 | D:5      | Found a shimmering altar of Xom.
  6697 | D:6      | Offered knowledge of Freeze by Vehumet.
  6698 | D:6      | Reached skill level 1 in Fighting
  6698 | D:6      | Reached skill level 1 in Armour
  7106 | D:6      | Reached ** piety under Vehumet
  7702 | D:7      | Reached skill level 8 in Spellcasting
  7819 | D:7      | Reached XP level 9. HP: 38/48 MP: 22/23
  8015 | D:7      | Noticed Harold
  8021 | D:7      | Killed Harold
  8095 | D:7      | Noticed a troll
  8102 | D:7      | Killed a troll
  8423 | D:7      | Reached skill level 5 in Dodging
  8568 | D:7      | Offered knowledge of Conjure Flame by Vehumet.
  8841 | D:8      | Reached skill level 9 in Spellcasting
  8940 | D:8      | Noticed a two-headed ogre
  8944 | D:8      | You fall into a shaft and drop 1 floor!
  9007 | D:9      | Noticed a troll
  9022 | D:9      | Killed a troll
  9022 | D:9      | Reached *** piety under Vehumet
  9025 | D:9      | Reached XP level 10. HP: 50/56 MP: 12/25
  9232 | D:9      | Learned a level 5 spell: Lee's Rapid Deconstruction
  9266 | D:9      | Found a staircase to the Lair.
  9638 | D:8      | Found Teix Dogg's Magic Scroll Shop.
  9695 | D:8      | Offered knowledge of Mephitic Cloud by Vehumet.
  9799 | D:8      | Reached **** piety under Vehumet
 10092 | D:8      | Offered knowledge of Iskenderun's Battlesphere by Vehumet.
 10239 | D:8      | Found the +9 staff of Olgreb {rPois∞}
 10282 | D:8      | Found a runed translucent door.
 10420 | D:8      | Found a runed translucent gate.
 10420 | D:8      | Found a runed translucent gate.
 10431 | D:8      | Found a runed translucent gate.
 10464 | D:8      | Found a runed translucent door.
 10544 | D:8      | Killed a two-headed ogre
 10545 | D:8      | Reached skill level 1 in Evocations
 10583 | D:8      | Noticed a boulder beetle
 10685 | D:9      | Noticed Erolcha
 11236 | D:9      | Killed Erolcha
 11237 | D:9      | Reached skill level 10 in Spellcasting
 11816 | D:10     | Entered Level 10 of the Dungeon
 11835 | D:9      | Reached XP level 11. HP: 60/62 MP: 7/27
 12013 | D:10     | Noticed a two-headed ogre
 12206 | D:10     | Killed a two-headed ogre
 12575 | Lair:1   | Entered Level 1 of the Lair of Beasts
 12594 | Lair:1   | Found a frozen archway.
 12643 | IceCv    | Entered an ice cave
 12935 | IceCv    | Learned a level 4 spell: Petrify
 12993 | IceCv    | Reached skill level 5 in Fighting
 13107 | IceCv    | Reached skill level 5 in Armour
 13110 | IceCv    | Reached ***** piety under Vehumet
 13335 | IceCv    | Offered knowledge of Conjure Ball Lightning by Vehumet.
 13336 | IceCv    | Reached skill level 11 in Spellcasting
 13518 | IceCv    | Reached skill level 5 in Evocations
 13881 | IceCv    | Reached XP level 12. HP: 68/68 MP: 26/29
 13952 | IceCv    | Reached skill level 10 in Earth Magic
 14135 | IceCv    | Noticed a death yak
 14135 | IceCv    | Noticed a frost giant
 14155 | IceCv    | Mangled by a death yak

Illustrated notes

Levels and vault maps discovered:
D:1:      shiori_arrival_maze, layout_loops_ring, minmay_misc_feat_cross
D:2:      layout_rooms, lemuel_round_altar, gammafunk_temple_overflow_pools,
          hangedman_ru_absence
D:3:      layout_basic, lemuel_round_altar, uniq_jessica, uniq_natasha,
          uniq_ijyb
D:4:      layout_gridville, nicolae_overflow_hidden_temple,
          minmay_temple_entry_drinking_statues
D:5:      layout_basic, fedhas_altar_1, led_xom_imps, grunt_decor_one_mirror
D:6:      layout_gridville, kennysheep_doodads, supply_closet_lemuel,
          grunt_ministairs_5
D:7:      layout_basic, uniq_harold
D:8:      kennysheep_blocky_room, layout_basic, serial_curves, eino_curves_03,
          eino_curves_03, special_room [special_room_orc], serial_shops, shop,
          nrook_mini_backslash, minmay_guarded_unrand_staff_of_olgreb
D:9:      layout_basic, grunt_lair_entry_orc_guard_hut, uniq_erolcha
D:10:     layout_basic, special_room [special_room_orc]
Temple:   regret_index_temple_generic_petals
Lair:1:   layout_layer_cave, portal_ice_cave_entry_pillars_1
IceCv:    ice_cave_caverns_01

Skill      XL: |  1  2  3  4  5  6  7  8  9 10 11 12 |
---------------+-------------------------------------+-----
Transmutations | 2 3 4 5 6 7 8 |  8.0
Spellcasting   | 4 5 6 8 9 10 11 | 11.6
Earth Magic    | 4 5 6 7 8 9 10 | 10.1
Shields        | 1 2 3 4 |  4.0
Dodging        | 3 5 7 8 |  8.8
Fighting       | 1 3 4 5 |  5.8
Armour         | 1 3 4 5 |  5.8
Evocations     | 2 5 |  5.6
Stealth        | |  2.4

Action                   |  1- 3 |  4- 6 |  7- 9 | 10-12 || total
-------------------------+-------+-------+-------+-------++-------
Melee: Dagger            |    69 |    12 |       |       ||    81
       Unarmed           |     6 |       |       |       ||     6
       Club              |       |    26 |    30 |       ||    56
       Whip              |       |       |    67 |   144 ||   211
 Fire: Hunting sling     |       |       |    45 |       ||    45
Throw: Javelin           |    50 |       |       |       ||    50
       Stone             |     5 |       |       |       ||     5
 Cast: Sandblast         |    28 |    69 |    62 |    23 ||   182
       Stone Arrow       |       |       |   105 |   243 ||   348
       Lee's Rapid Decon |       |       |       |    52 ||    52
  Use: Scroll            |     7 |       |       |     2 ||     9
 Stab: Sleeping          |     2 |       |     2 |       ||     4
       Distracted        |       |       |       |     1 ||     1
Armor: Robe              |    23 |    30 |    42 |    21 ||   116
       Ring mail         |       |       |    22 |       ||    22
       Troll leather arm |       |       |       |    23 ||    23
Dodge: Dodged            |    81 |    52 |   105 |   237 ||   475
Block: Buckler           |     1 |    12 |    49 |    74 ||   136

Table legend: (Time is in decaauts)
 A = Elapsed time spent in this place.
 B = Non-inter-level travel time spent in this place.
 C = Inter-level travel time spent in this place.
 D = Time resting spent in this place.
 E = Time spent auto-exploring this place.
 F = Levels seen in this place.
 G = Mean time per level.
                   A        B        C        D        E       F      G
               +--------+--------+--------+--------+--------+-----+--------+
         Total |  14233 |  13410 |    823 |    281 |  10759 |  13 | 1094.8 |
       Dungeon |  12518 |  11751 |    767 |    174 |   9522 |  10 | 1251.8 |
        Temple |    132 |     89 |     43 |      0 |     87 |   1 |  132.0 |
          Lair |     68 |     55 |     13 |      0 |      0 |   1 |   68.0 |
      Ice Cave |   1513 |   1513 |      0 |    107 |   1150 |   1 | 1513.0 |
               +--------+--------+--------+--------+--------+-----+--------+

Top non-repeatable levels by time:
     D:9: 1838 daAuts
   IceCv: 1513 daAuts
     D:1: 1469 daAuts
     D:8: 1455 daAuts
     D:6: 1253 daAuts
     D:5: 1240 daAuts
     D:3: 1220 daAuts
     D:7: 1215 daAuts
     D:2: 1186 daAuts
     D:4: 1134 daAuts
    D:10: 505 daAuts
  Temple: 132 daAuts
  Lair:1: 68 daAuts
